 Dungeon Crawl Stone Soup version 0.30-a0-618-gd6c86c23d0 (webtiles) character file.

Game seed: 9615887477445857789

3075 billz999 the Basher (level 10, -9/75 HPs)
             Began as a Djinni Ice Elementalist on Jan 5, 2023.
             Was a Believer of Makhleb.
             Mangled by Erica
             ... wielding a +4 scimitar of flaming
              (17 damage)
             ... on level 8 of the Dungeon on Jan 10, 2023.
             The game lasted 00:16:29 (8024 turns).

billz999 the Basher (Djinni Ice Elementalist)       Turns: 8024, Time: 00:16:30

Health: -9/75      AC:  6    Str:  4 (7)  XL:     10   Next: 12%
Gold:   483        EV: 12    Int: 20 (21) God:    Makhleb [**....] SH:  5 Dex: 11 (14)

rFire   + + .      SeeInvis .    q - +5 whip of Disis {heavy, rElec}
rCold   x . .      Faith    .    (no shield)
rNeg    + . .      Spirit   .    a - +0 robe
rPois   ∞          Reflect  +    (no helmet)
rElec   +          Harm     .    x - +0 cloak
rCorr   .          Rampage  .    n - +2 pair of gloves
Will    +....                    (boots unavailable)
Stlth   ++                       D - amulet of reflection
HPRegen 0.32/turn                r - ring of positive energy
MPRegen 0.00/turn                (no ring)

@: flying, slowed, very slow
A: sickness immunity, fire resistance 2, cold vulnerability 1, float, innate
caster, HP casting, extra vitality 1
a: Renounce Religion, Minor Destruction


You were on level 8 of the Dungeon.
You worshipped Makhleb.
Makhleb was pleased with you.
You visited 2 branches of the dungeon, and saw 9 of its levels.

You collected 483 gold pieces.

Inventory:

Hand Weapons
 q - the +5 whip of Disis (weapon) {heavy, rElec}
   (You found it on level 3 of the Dungeon)

   rElec:     It insulates you from electricity.
 w - a +4 quarterstaff of chaos
Missiles
 s - a throwing net
Armour
 a - a +0 robe (worn)
 n - a +2 pair of gloves (worn)
 x - a +0 cloak (worn)
Jewellery
 r - a ring of positive energy (left hand)
 y - an amulet of the acrobat
 D - an amulet of reflection (around neck)
 E - a +6 ring of intelligence
Wands
 t - a wand of flame (38)
Scrolls
 c - a scroll of magic mapping
 f - a scroll of noise
 h - 2 scrolls of immolation
 i - 2 scrolls of blinking {unknown}
 k - 3 scrolls of vulnerability {unknown}
 l - 5 scrolls of identify
 m - 3 scrolls of teleportation {unknown}
 o - 3 scrolls of enchant weapon {unknown}
 p - a scroll of poison {unknown}
 u - 2 scrolls of enchant armour {unknown}
 v - 3 scrolls of fog {unknown}
Potions
 b - a potion of magic
 d - a potion of mutation
 e - 2 potions of haste
 g - a potion of degeneration
 z - 2 potions of berserk rage {unknown}
 A - a potion of lignification {unknown}
 B - 3 potions of heal wounds {unknown}
 C - a potion of brilliance {unknown}


   Skills:
 + Level 7.1 Fighting
 * Level 8.8 Maces & Flails
 - Level 2.1 Dodging
 - Level 1.5 Stealth
 - Level 4.7 Spellcasting


You couldn't memorise any spells.
You knew the following spells:

 Your Spells              Type           Power      Damage    Failure   Level
a - Freeze                Ice            92%        1d9       1%          1
b - Frozen Ramparts       Ice            46%        1d7       5%          3
c - Ozocubu's Armour      Ice            23%        N/A       5%          3
d - Summon Ice Beast      Ice/Summ       23%        N/A       17%         4
e - Foxfire               Conj/Fire      92%        2x1d8     1%          1
f - Momentum Strike       Conj/Tloc      46%        3d9       2%          2
g - Teleport Other        Tloc           23%        N/A       5%          3
h - Dazzling Flash        Conj/Hex       46%        N/A       5%          3
Your spell library was empty.

Dungeon Overview and Level Annotations

Branches:
Dungeon (8/15)             Temple (1/1) D:5
   Lair: D:8-11

Altars:
Ashenzari
Dithmenos
Elyvilon
Fedhas
Gozag
Hepliaklqana
Makhleb
Nemelex Xobeh
Okawaru
Qazlal
Ru
Trog
Uskayaw
Wu Jian
Xom
Yredelemnul
Zin
The Shining One

Shops:
D:5 ?

Annotations:
D:8 Erica


Innate Abilities, Weirdness & Mutations

You are immune to sickness and miasma.
You are immune to poison.
Your flesh is very heat resistant. (rF++)
You are vulnerable to cold. (rC-)
You float through the air rather than walking.
You learn spells naturally, not from books.
Your magical power is your life essence.
You have superior vitality. (+4 MHP)


Message History

You hear some strange, mumbled words.
You feel yourself slow down.
You whack something!
You are no longer robbed of momentum.
You hear some strange, mumbled words.
Something tries to affect you, but you resist.
Something hits you! Something burns you.
You barely miss something. Something hits you!
You miss something. Something hits you! Something hits you!!
* * * LOW HITPOINT WARNING * * *
Something burns you.
* * * LOW HITPOINT WARNING * * *
It was a potion of curing.
You feel better. Something hits you.
* * * LOW HITPOINT WARNING * * *
You feel better.
You hear some strange, mumbled words.
A bolt of poison appears from out of thin air!
The bolt of poison hits you but does no damage.
You resist. Something hits you!
* * * LOW HITPOINT WARNING * * *
Something burns you.
* * * LOW HITPOINT WARNING * * *
Okay, then.
It was a potion of degeneration.
There was something very wrong with that liquid.
You feel weakened.
You feel dopey.
You feel clumsy.
You hear some strange, mumbled words.
A bolt of poison appears from out of thin air!
The bolt of poison misses you.
You feel better.
You hear some strange, mumbled words.
Something tries to affect you, but you resist.
You hear some strange, mumbled words.
You are confused.
You feel better. Something hits you!
* * * LOW HITPOINT WARNING * * *
Something burns you.
* * * LOW HITPOINT WARNING * * *
You hit something. Something hits you!
You die...

###...# ###...# .#
......# #. ......# ...
......#############'###.
###.:...................
#.....................
#.............Y.......
############.#@{).<#
#.......#.... #.#.....#
# . #.##.#..# #. #....#
#. #.#.... #. #......#
#. ######## #.


You could see a friendly ice beast (summoned).

Vanquished Creatures
  A hornet (D:8)
  Prince Ribbit (D:7)
  A wyvern (D:7)
  2 water moccasins
  3 black bears
  A sky beast (D:8)
  An ice beast (D:6)
  2 centaurs
  A phantom (D:7)
  A kobold brigand (D:8)
  A bullfrog (D:6)
  2 gnoll sergeants
  2 scorpions (D:5)
  7 wights
  An electric eel (D:7)
  A howler monkey (D:6)
  5 jellies
  An orc priest (D:5)
  A gnoll bouda (D:7)
  2 orc wizards
  3 iguanas
  2 nameless horrors
  12 gnolls
  10 adders
  A shadow imp (D:6)
  A white imp (D:5)
  An ufetubus (D:6)
  3 worms
  2 dart slugs
  12 orcs
  4 ball pythons
  11 endoplasms
  3 giant cockroaches
  2 hobgoblins
  2 jackals (D:3)
  11 kobolds
  4 quokkas
  6 bats
  3 frilled lizards
  6 goblins
  5 rats
141 creatures vanquished.

Vanquished Creatures (collateral kills)
  An ogre (D:7)
  Crazy Yiuf (D:4)
  6 gnolls
8 creatures vanquished.

Vanquished Creatures (others)
  312 foxfires
312 creatures vanquished.

Grand Total: 461 creatures vanquished

Notes
Turn   | Place    | Note
-------+----------+-------------------------------------------
     0 | D:1      | billz999 the Djinni Ice Elementalist began the quest for
                  | the Orb.
     0 | D:1      | billz999 set off with the following spells memorised:
                  | Freeze, Frozen Ramparts, Ozocubu's Armour, Summon Ice
                  | Beast.
     0 | D:1      | Reached XP level 1. HP: 15/15 MP: 0/0
   233 | D:1      | Reached XP level 2. HP: 17/21 MP: 0/0
   340 | D:1      | Found a faded altar of an unknown god.
   905 | D:2      | Reached XP level 3. HP: 24/25 MP: 0/0
   905 | D:2      | Learned a level 1 spell: Foxfire
  1355 | D:2      | Reached XP level 4. HP: 25/31 MP: 0/0
  1739 | D:3      | Identified the +5 whip of Disis {heavy, rElec}
  1907 | D:3      | Reached skill level 1 in Maces & Flails
  2020 | D:3      | Upgraded the game from 0.30-a0-591-g3c58d2bc28 to
                  | 0.30-a0-596-g0af90f9a20
  2030 | D:3      | Reached XP level 5. HP: 32/35 MP: 0/0
  2030 | D:3      | Learned a level 2 spell: Momentum Strike
  2338 | D:3      | Identified the +3 leather armour "Coutur" {rPois Will+
                  | Str-4}
  2434 | D:3      | Found an iron altar of Okawaru.
  2502 | D:3      | Reached skill level 2 in Maces & Flails
  2781 | D:4      | Reached XP level 6. HP: 38/41 MP: 0/0
  2956 | D:4      | Upgraded the game from 0.30-a0-596-g0af90f9a20 to
                  | 0.30-a0-618-gd6c86c23d0
  3078 | D:4      | Noticed a black bear
  3084 | D:4      | Killed a black bear
  3085 | D:4      | Reached skill level 1 in Fighting
  3085 | D:4      | Reached skill level 3 in Maces & Flails
  3231 | D:4      | Noticed a black bear
  3235 | D:4      | Killed a black bear
  3236 | D:4      | Reached XP level 7. HP: 46/49 MP: 0/0
  3236 | D:4      | Learned a level 3 spell: Teleport Other
  3546 | D:4      | Found a runed translucent door.
  3547 | D:4      | Noticed Crazy Yiuf
  4043 | D:4      | Killed Crazy Yiuf
  4100 | D:5      | Entered Level 5 of the Dungeon
  4126 | D:5      | Found a staircase to the Ecumenical Temple.
  4133 | Temple   | Entered the Ecumenical Temple
  4162 | Temple   | Became a worshipper of Makhleb the Destroyer
  4239 | D:5      | Found Ysah's Magic Scroll Shoppe.
  4347 | D:5      | Reached skill level 4 in Maces & Flails
  4890 | D:5      | Found a bloodstained altar of Trog.
  4914 | D:5      | Reached XP level 8. HP: 54/56 MP: 0/0
  5279 | D:6      | Reached skill level 5 in Maces & Flails
  5617 | D:6      | Reached skill level 6 in Maces & Flails
  5809 | D:6      | Reached skill level 5 in Fighting
  5809 | D:6      | Reached XP level 9. HP: 62/65 MP: 0/0
  5809 | D:6      | Learned a level 3 spell: Dazzling Flash
  5952 | D:6      | Reached * piety under Makhleb
  6538 | D:7      | Reached skill level 7 in Maces & Flails
  7123 | D:7      | Noticed Prince Ribbit
  7129 | D:7      | Killed Prince Ribbit
  7325 | D:7      | Reached skill level 8 in Maces & Flails
  7391 | D:8      | Noticed Erica
  7394 | D:8      | Noticed a hornet
  7406 | D:8      | Killed a hornet
  7691 | D:8      | Reached XP level 10. HP: 66/73 MP: 0/0
  7901 | D:8      | Reached ** piety under Makhleb
  8024 | D:8      | Mangled by Erica

Illustrated notes

Levels and vault maps discovered:
D:1:      minmay_arrival_four_houses, layout_basic,
          shapermc_ecumenical_altar_notcrosses
D:2:      layout_loops_cross, due_unseen_surprise
D:3:      layout_loops_cross, okawaru_metal_pillars_3
D:4:      layout_layer_cave, uniq_crazy_yiuf_cottage
D:5:      layout_gridville, mainiacjoe_overflow_six_doors_small,
          minmay_temple_entry_offerings, serial_shops,
          nicolae_shop_hallway_plus, minmay_misc_feat_iff,
          hangedman_abyss_or_decor_jellyfish_corner
D:6:      wad_crossroads, layout_loops_corners, skrybe_limestone_x
D:7:      layout_layer_cave, minmay_misc_feat_diagonals, nrook_pool_corridor,
          uniq_prince_ribbit1
D:8:      layout_basic, serial_shops, kennysheep_mini_moat, uniq_erica
Temple:   hellmonk_temple_of_storms

Skill      XL: |  1  2  3  4  5  6  7  8  9 10 |
---------------+-------------------------------+-----
Spellcasting   | 4 |  4.7
Maces & Flails | 1 2 3 4 6 8 |  8.8
Fighting       | 2 3 5 6 7 |  7.1
Dodging        | |  2.1
Stealth        | |  1.5

Action                   |  1- 3 |  4- 6 |  7- 9 | 10-12 || total
-------------------------+-------+-------+-------+-------++-------
Melee: Whip              |       |     1 |    20 |     8 ||    29
 Cast: Freeze            |    49 |     3 |    34 |     7 ||    93
       Foxfire           |     6 |    99 |    65 |    21 ||   191
       Frozen Ramparts   |     1 |    10 |    23 |     2 ||    36
       Momentum Strike   |       |     5 |    28 |     6 ||    39
       Summon Ice Beast  |       |       |    13 |     2 ||    15
       Teleport Other    |       |       |     2 |       ||     2
       Dazzling Flash    |       |       |     2 |       ||     2
       Ozocubu's Armour  |       |       |     1 |       ||     1
  Use: Scroll            |     4 |     1 |       |       ||     5
       Potion            |       |       |       |     5 ||     5
 Stab: Invisible         |       |       |     1 |       ||     1
Armor: Robe              |     9 |     1 |    21 |     3 ||    34
Dodge: Dodged            |    18 |       |    46 |     3 ||    67
Block: Other             |       |       |     7 |     3 ||    10
       Reflection        |       |       |     1 |     3 ||     4

Table legend: (Time is in decaauts)
 A = Elapsed time spent in this place.
 B = Non-inter-level travel time spent in this place.
 C = Inter-level travel time spent in this place.
 D = Time resting spent in this place.
 E = Time spent auto-exploring this place.
 F = Levels seen in this place.
 G = Mean time per level.
                   A        B        C        D        E       F      G
               +--------+--------+--------+--------+--------+-----+--------+
         Total |   8030 |   7846 |    184 |    123 |   6762 |   9 |  892.2 |
       Dungeon |   7988 |   7818 |    170 |    123 |   6751 |   8 |  998.5 |
        Temple |     41 |     27 |     14 |      0 |     11 |   1 |   41.0 |
               +--------+--------+--------+--------+--------+-----+--------+

Top non-repeatable levels by time:
     D:4: 1403 daAuts
     D:6: 1266 daAuts
     D:5: 1036 daAuts
     D:3: 1018 daAuts
     D:7: 939 daAuts
     D:2: 866 daAuts
     D:1: 811 daAuts
     D:8: 648 daAuts
  Temple: 41 daAuts
